 Dungeon Crawl Stone Soup version 0.26-a0-651-gb41185065b (webtiles) character file.

Game seed: 9001631193599062660

459 kae the Insei (level 6, -4/43 HPs)
             Began as a Demonspawn Transmuter on Oct 28, 2020.
             Slain by an orc wizard
             ... wielding a +0 hand axe
              (8 damage)
             ... on level 5 of the Dungeon.
             The game lasted 00:02:41 (6209 turns).

kae the Insei (Demonspawn Transmuter)               Turns: 6209, Time: 00:02:41

Health: -4/43      AC:  9    Str: 12    XL:     6   Next: 78%
Magic:  9/9        EV: 12    Int: 15    God:
Gold:   259        SH:  0    Dex: 13    Spells: 5/9 levels left

rFire    . . .     SeeInvis .   j - +2 whip (flame)
rCold    . . .     Faith    .   (no shield)
rNeg     . . .     Spirit   .   a - +0 robe
rPois    .         Reflect  .   (no helmet)
rElec    .         Harm     .   v - scarf {shadows}
rCorr    .         Rampage  .   k - +0 pair of gloves
MR       .....                  (no boots)
Stlth    +.........             (no amulet)
HPRegen  0.14/turn              (no ring)
MPRegen  0.11/turn              (no ring)

@: lethally poisoned (-4 -> -32), sanguine armour
A: demonic guardian 1, spiny 1, sanguine armour 1
a: no special abilities


You were on level 5 of the Dungeon.
You visited 1 branch of the dungeon, and saw 5 of its levels.

You collected 259 gold pieces.

Inventory:

Hand Weapons
 f - a +0 whip
 j - a +2 whip of flaming (weapon)
Armour
 a - a +0 robe (worn)
 k - a +0 pair of gloves (worn)
 v - a scarf of shadows (worn)
Jewellery
 h - an uncursed amulet of faith {unknown}
 i - a +4 ring of slaying {unknown}
 n - a +4 ring of protection
 u - a cursed -4 ring of dexterity {unknown}
Scrolls
 c - a scroll of enchant weapon {unknown}
 e - 6 scrolls of identify {unknown}
 l - 2 scrolls of immolation {unknown}
 p - 2 scrolls of remove curse {unknown}
 q - 3 scrolls of magic mapping {unknown}
 r - 2 scrolls of teleportation {unknown}
 t - a scroll of fog {unknown}
Potions
 b - a potion of curing
 d - a potion of mutation {unknown}
 g - 2 potions of heal wounds {unknown}
 m - 3 potions of flight {unknown}
 o - a potion of resistance {unknown}
 s - 2 potions of might {unknown}
 w - a potion of brilliance {unknown}


   Skills:
 - Level 1.0 Fighting
 - Level 1.7 Dodging
 + Level 5.3 Unarmed Combat
 - Level 2.0 Spellcasting
 + Level 4.8 Transmutations


You had 5 spell levels left.
You knew the following spells:

 Your Spells              Type           Power        Failure   Level
a - Beastly Appendage     Tmut           #.....       3%          1
b - Spider Form           Tmut/Pois      #.........   24%         3

Your spell library contained the following spells:

 Spells                   Type           Power        Failure   Level
 Wereblood                Tmut           #.......     4%          2
 Ice Form                 Ice/Tmut       #.......     63%         4
 Blade Hands              Tmut           #.........   63%         5
 Irradiate                Conj/Tmut      #.........   92%         5
 Hydra Form               Tmut           #.........   99%         6
 Statue Form              Tmut/Erth      #........    100%        6
 Dragon Form              Tmut           #.........   100%        7


Dungeon Overview and Level Annotations

Branches:
Dungeon (5/15)
 Temple: D:4-7

Altars:


Innate Abilities, Weirdness & Mutations

A weak demonic guardian rushes to your aid.
You are partially covered in sharp spines.
When seriously injured, your bleeding wounds create armour. (AC +6)


Message History

Your ufetubus hits the orc wizard.
The adder zombie bites your ufetubus but does no damage.
The orc wizard hits you with a +2 dagger of venom.
* * * LOW HITPOINT WARNING * * *
You are lethally poisoned!
The orc wizard gestures at you while chanting.
The magic dart hits you but does no damage.
Your ufetubus misses the orc wizard. x2
You feel yourself speed up.
* * * LOW HITPOINT WARNING * * *
You feel very sick.
The orc wizard is struck by your spines.
The orc wizard hits you with a +2 dagger of venom.
* * * LOW HITPOINT WARNING * * *
You are more poisoned.
Your ufetubus hits the orc wizard. x2
The orc wizard dies!
The orc priest begins to cast a cantrip, but forgets the words!
The orc wizard hits you with a +0 hand axe!
You die...

#....##.#......#.#
#....o......
#....##.#......#.#
#.......###.
#.......#......#.# #.Z.....#
#. #.......#....#.#.#
#.o.)#+## .
#.......####.#.#.###.......#
.
####...........#..oo.......#
#...#####.###.Z##.#.....#
#...# #.#.oo..#.#.....#
#...# #.#@5...#.#.....#
#...# #.#)#####.#.....#
##### #.5....<..#.#..##
########.###.###.#..#
...............#
########.###.#.# #.#...#.#
#######.....#.#
..........#...#


You could see an orc priest, an orc wizard, 2 orcs, an adder zombie and 2
friendly ufetubi.

Vanquished Creatures
  A scorpion (D:4)
  A centaur zombie (D:5)
  An orc wizard (D:4)
  3 worker ants
  4 gnolls (D:2)
  10 adders
  A shadow imp (D:5)
  An ooze (D:3)
  A worm (D:2)
  2 dart slugs (D:1)
  A leopard gecko (D:4)
  11 orcs
  5 giant cockroaches
  5 hobgoblins
  5 jackals
  11 kobolds
  A quokka (D:3)
  2 ball pythons
  8 bats
  4 frilled lizards
  6 goblins
  5 rats
89 creatures vanquished.

Vanquished Creatures (collateral kills)
  2 orc wizards
2 creatures vanquished.

Grand Total: 91 creatures vanquished

Notes
Turn   | Place    | Note
-------+----------+-------------------------------------------
     0 | D:1      | kae the Demonspawn Transmuter began the quest for the Orb.
     0 | D:1      | Reached XP level 1. HP: 15/15 MP: 3/3
   372 | D:1      | Reached skill level 3 in Unarmed Combat
   372 | D:1      | Gained mutation: A weak demonic guardian rushes to your
                  | aid. [demonic ancestry]
   372 | D:1      | Reached XP level 2. HP: 21/21 MP: 3/5
   773 | D:1      | You fall into a shaft and drop 1 floor!
  1668 | D:2      | Reached XP level 3. HP: 24/26 MP: 4/6
  2199 | D:2      | Reached XP level 4. HP: 22/32 MP: 7/7
  2572 | D:1      | Learned a level 3 spell: Spider Form
  3069 | D:2      | Reached skill level 4 in Unarmed Combat
  3354 | D:3      | Gained mutation: When seriously injured, your bleeding
                  | wounds create armour. (AC +6) [demonic ancestry]
  3354 | D:3      | Reached XP level 5. HP: 7/37 MP: 8/8
  4685 | D:4      | Gained mutation: You are partially covered in sharp spines.
                  | [demonic ancestry]
  4685 | D:4      | Reached XP level 6. HP: 39/43 MP: 5/9
  5042 | D:4      | Identified the cursed +2 short sword of Zuunk {flame, +Fly}
  5055 | D:4      | Reached skill level 5 in Unarmed Combat
  5692 | D:5      | Entered Level 5 of the Dungeon
  6207 | D:5      | HP: 1/43 [orc wizard/magic dart (5)]
  6209 | D:5      | Slain by an orc wizard

Illustrated notes

Levels and vault maps discovered:
D:1:      giann_bridges, layout_basic
D:2:      layout_loops_ring, chequers_serial_rivers_room_b
D:3:      layout_basic
D:4:      minmay_octagon_keep, layout_loops_ring
D:5:      layout_basic

Skill      XL: |  1  2  3  4  5  6 |
---------------+-------------------+-----
Transmutations | 2 3 4 |  4.8
Unarmed Combat | 3 4 5 |  5.3
Fighting       | |  1.0
Dodging        | |  1.7
Spellcasting   | |  2.0

Action                   |  1- 3 |  4- 6 || total
-------------------------+-------+-------++-------
Melee: Unarmed           |    49 |    36 ||    85
       Kick              |    13 |    15 ||    28
       Headbutt          |    12 |    12 ||    24
       Whip              |    56 |   106 ||   162
 Cast: Beastly Appendage |    21 |    28 ||    49
       Spider Form       |       |     6 ||     6
  Use: Potion            |     1 |     2 ||     3
Armor: Robe              |    27 |    21 ||    48
       Skin              |       |     1 ||     1
Dodge: Dodged            |    87 |   103 ||   190

Table legend: (Time is in decaauts)
 A = Elapsed time spent in this place.
 B = Non-inter-level travel time spent in this place.
 C = Inter-level travel time spent in this place.
 D = Time resting spent in this place.
 E = Time spent auto-exploring this place.
 F = Levels seen in this place.
 G = Mean time per level.
                   A        B        C        D        E       F      G
               +--------+--------+--------+--------+--------+-----+--------+
         Total |   6227 |   6089 |    138 |    350 |   5058 |   5 | 1245.4 |
       Dungeon |   6227 |   6089 |    138 |    350 |   5058 |   5 | 1245.4 |
               +--------+--------+--------+--------+--------+-----+--------+

Top non-repeatable levels by time:
     D:1: 1957 daAuts
     D:4: 1330 daAuts
     D:2: 1244 daAuts
     D:3: 1171 daAuts
     D:5: 523 daAuts
